 Dungeon Crawl Stone Soup version 0.32-a0-975-g85d4e5bfdb (webtiles) character file.

Game seed: 12514655739347661440

29 Elsrick the Poker (level 3, -7/29 HPs)
             Began as a Demonspawn Chaos Knight on Apr 19, 2024.
             Was a Plaything of Xom.
             Mangled by Sigmund
             ... wielding a +3 scythe of protection
              (10 damage)
             ... on level 2 of the Dungeon.
             The game lasted 00:02:52 (1019 turns).

Elsrick the Poker (Demonspawn Chaos Knight)         Turns: 1019, Time: 00:02:53

Health: -7/29      AC:  6    Str: 12    XL:     3   Next: 1%
Magic:  3/3        EV: 17    Int: 12    God:    Xom [...*..]
Gold:   88         SH:  4    Dex: 14    Spells: 2/2 levels left

rFire   + + .        a - melded +0 spear (chaos)
rCold   + + .        (shield currently unavailable)
rNeg    + + +        b - melded +2 leather armour
rPois   ∞            (helmet currently unavailable)
rElec   +            (cloak currently unavailable)
rCorr   +            (gloves currently unavailable)
SInv    .            i - melded +0 pair of boots
Will    .....        (amulet currently unavailable)
Stlth   +            (ring currently unavailable)
HPRegen 0.24/turn    (ring currently unavailable)
MPRegen 0.16/turn

%: no passive effects
@: wisp-form, flying
A: insubstantial, flying, no casting, tiny, magic regeneration, condensation
shield
a: Renounce Religion


You were on level 2 of the Dungeon.
You worshipped Xom.
You were a favourite toy of Xom.
You were an insubstantial wisp.
You visited 1 branch of the dungeon, and saw 2 of its levels.

You collected 88 gold pieces.

Inventory:

Hand Weapons
 a - a +0 spear of chaos (melded)
Armour
 b - a +2 leather armour (melded)
 i - a +0 pair of boots (melded)
Scrolls
 c - a scroll of butterflies
 d - a scroll of blinking {unknown}
 g - 2 scrolls of identify {unknown}
Potions
 e - a potion of cancellation {unknown}
 f - a potion of resistance {unknown}
 h - a potion of brilliance {unknown}
 j - a potion of mutation {unknown}


   Skills:
 + Level 3.2 Fighting
 + Level 3.4 Polearms
 + Level 1.9 Armour
 + Level 1.1 Dodging


You had 2 spell levels left.
You didn't know any spells.
Your spell library was empty.

Dungeon Overview and Level Annotations

Branches:
Dungeon (2/15)

Altars:

Annotations:
D:2 Sigmund


Innate Abilities, Weirdness & Mutations

You are an insubstantial wisp.
Your tiny insubstantial body is highly resistant to most damage types.
You are flying.
Your equipment is entirely melded.
You are incapable of wielding weapons or throwing items.
You cannot cast spells.
You regenerate magic rapidly.
A meltable shield of frost defends you. (SH +4)


Message History

You are too confused!
You are too confused!
You are too confused!
You are too confused!
Sigmund mumbles some strange words.
Sigmund flickers and vanishes!
Deactivating autopickup; reactivate with Ctrl-A.
A kobold comes into view. It is wielding a +0 whip.
A puff of flame appears from out of thin air!
The puff of flame misses you.
You hear a zap.
Something tries to affect you, but you resist.
You feel less confused. The kobold attacks as it pursues you!
The kobold barely misses you. Something hits you.
The kobold attacks as it pursues you! The kobold closely misses you.
You closely miss something. The kobold hits you with a +0 whip.
You hear a zap.
You turn into an insubstantial wisp.
Your +0 spear of chaos melds into your body.
Your +0 pair of boots melds into your body.
Your +2 leather armour melds into your body.
You barely miss something. The kobold closely misses you. Something hits you!
You miss something. You block the kobold's attack.
You closely miss something. Something barely misses you.
The kobold barely misses you.
You miss something. The kobold misses you. Something hits you.
* * * LOW HITPOINT WARNING * * *
You touch something but do no damage.
You block the kobold's attack.
You closely miss something. Something hits you.
* * * LOW HITPOINT WARNING * * *
You block the kobold's attack.
You touch something but do no damage.
The kobold misses you.
You touch the kobold.
You kill the kobold!
You hear some strange, mumbled words.
A puff of flame appears from out of thin air!
The puff of flame misses you. Something hits you!
You die...

.....###.#.##
..##.###.#.## ...
.........# ..
#..###....########
###.......... .##
##..###### ....#
##.##
......##..####
#....{.v...#
###.##.....# #
#.##...).# #.#
##>.... ..# .....
.... ###. ####. #


There were no monsters in sight!

Vanquished Creatures
  5 bats (D:1)
  An endoplasm (D:1)
  4 goblins
  3 hobgoblins
  3 kobolds
  6 ball pythons
  A frilled lizard (D:1)
  3 rats
26 creatures vanquished.

Notes
Turn   | Place    | Note
-------+----------+-------------------------------------------
     0 | D:1      | Elsrick the Demonspawn Chaos Knight began the quest for the
                  | Orb.
     0 | D:1      | Reached XP level 1. HP: 18/18 MP: 1/1
    15 | D:1      | XOM: silly message
    39 | D:1      | XOM: swap monsters
   136 | D:1      | Gained mutation: A meltable shield of frost defends you.
                  | (SH +4) [demonic ancestry]
   136 | D:1      | Reached XP level 2. HP: 24/24 MP: 2/2
   416 | D:1      | Reached skill level 1 in Dodging
   985 | D:2      | Gained mutation: You regenerate magic rapidly. [demonic
                  | ancestry]
   985 | D:2      | Reached XP level 3. HP: 28/29 MP: 3/3
   999 | D:2      | Noticed Sigmund
  1019 | D:2      | Mangled by Sigmund

Illustrated notes

Levels and vault maps discovered:
D:1:      grunt_arrival_crossed_arrows, layout_basic, serial_corexii_hall,
          chequers_hall_statues_y, corexii_hall_statues_x
D:2:      layout_rooms, minmay_gold_behind_fungi, small_statue_intersection,
          uniq_sigmund, uniq_natasha

Skill      XL: |  1  2 |
---------------+-------+-----
Polearms       | 3 |  3.4
Dodging        | 1 |  1.1
Fighting       | |  3.2
Armour         | |  1.9

Action                     || total
---------------------------++-------
  Melee: Spear             ||    77
         Unarmed           ||     8
   Stab: Confused          ||     2
 Armour: Leather armour    ||    51
         Skin              ||     4
  Dodge: Dodged            ||    43
  Block: Other             ||    13

Table legend: (Time is in decaauts)
 A = Elapsed time spent in this place.
 B = Non-inter-level travel time spent in this place.
 C = Inter-level travel time spent in this place.
 D = Time resting spent in this place.
 E = Time spent auto-exploring this place.
 F = Levels seen in this place.
 G = Mean time per level.
                   A        B        C        D        E       F      G
               +--------+--------+--------+--------+--------+-----+--------+
         Total |   1013 |    966 |     47 |      8 |    725 |   2 |  506.5 |
       Dungeon |   1013 |    966 |     47 |      8 |    725 |   2 |  506.5 |
               +--------+--------+--------+--------+--------+-----+--------+

Top non-repeatable levels by time:
     D:1: 910 daAuts
     D:2: 103 daAuts
